 Dungeon Crawl Stone Soup version 0.24-a0-584-g9d6b971ae4 (webtiles) character file.

Game seed: 15545542835151210846, levelgen mode: deterministic

65 Froggeryz the Insei (level 4, -2/28 HPs)
             Began as an Octopode Transmuter on Sept 5, 2019.
             Slain by an orc
             ... wielding a +0 dagger
              (5 damage)
             ... on level 3 of the Dungeon.
             The game lasted 00:01:58 (1499 turns).

Froggeryz the Insei (Octopode Transmuter)           Turns: 1499, Time: 00:01:59

Health: -2/28      AC:  1    Str:  9    XL:     4   Next: 14%
Magic:  7/7        EV: 13    Int: 15    God:
Gold:   67         SH:  0    Dex: 13    Spells: 6/7 levels left

rFire    . . .     SeeInvis .     - Unarmed
rCold    . . .     Gourm    .   (no shield)
rNeg     . . .     Faith    +   (helmet restricted)
rPois    .         Spirit   .   j - amulet of faith
rElec    .         Reflect  .   (no ring)
rCorr    .         Harm     .   (no ring)
MR       .....                  (no ring)
Stlth    ++........             (no ring)
HPRegen  0.09/turn              (no ring)
MPRegen  0.10/turn              (no ring)
                                (no ring)
                                (no ring)

@: no status effects
A: almost no armour, stealthy swim, amphibious, 8 rings, constrict 8, camouflage
1, gelatinous body 1
a: no special abilities


You were on level 3 of the Dungeon.
You were not hungry.

You visited 1 branch of the dungeon, and saw 3 of its levels.

You collected 67 gold pieces.

Inventory:

Missiles
 a - 28 arrows
Jewellery
 j - an amulet of faith (around mantle)
Scrolls
 b - 5 scrolls of identify {unknown}
 d - 2 scrolls of remove curse {unknown}
 e - 3 scrolls of amnesia {unknown}
 f - 2 scrolls of teleportation {unknown}
Potions
 g - a potion of heal wounds {unknown}
 h - a potion of curing {unknown}
Comestibles
 c - 3 rations


   Skills:
 - Level 1.0 Fighting
 - Level 2.0 Dodging
 * Level 4.9 Unarmed Combat
 - Level 2.0 Spellcasting
 - Level 2.0 Transmutations


You had 6 spell levels left.
You knew the following spells:

 Your Spells              Type           Power        Failure   Level  Hunger
a - Beastly Appendage     Tmut           #.....       10%         1    #......

Your spell library contained the following spells:

 Spells                   Type           Power        Failure   Level  Hunger
 Sticks to Snakes         Tmut           #.......     14%         2    ###....
 Spider Form              Tmut/Pois      #.........   41%         3    ###....
 Ice Form                 Ice/Tmut       #.......     82%         4    #####..
 Blade Hands              Tmut           #.........   95%         5    ######.


Dungeon Overview and Level Annotations

Branches:
Dungeon (3/15)

Altars:

Annotations:
D:2 exclusion: ogre


Innate Abilities, Weirdness & Mutations

You cannot wear most types of armour.
You are very stealthy in the water. (Stealth+)
You are amphibious.
You can wear up to eight rings at the same time.
You can use your tentacles to constrict eight enemies at once.
Your skin changes colour to match your surroundings (Stealth+).
Your rubbery body absorbs attacks. (AC +1, EV +1)


Message History

You are too injured to fight recklessly!
You tentacle-slap the ooze.
You kill the ooze!
You tentacle-slap the orc. Your grab misses the orc. You squeeze the orc.
The orc is severely wounded.
The orc hits you with a +0 flail.
* * * LOW HITPOINT WARNING * * *
You barely miss the orc. You grab the orc. You squeeze the orc.
You kill the orc!
The orc hits you with a +0 dagger.
* * * LOW HITPOINT WARNING * * *
You tentacle-slap the orc. You grab the orc.
You squeeze the orc, but do no damage.
The orc is lightly wounded.
You constrict the orc. The orc closely misses you.
You tentacle-slap the orc.
The orc is heavily wounded.
You constrict the orc, but do no damage.
The orc hits you with a +0 dagger.
You die...

########## .........##
..........##
......?....#
...........#
........)@.#
#.......o†##
.#...#....###
#.###.##...############
.. #.
#.......##.....### # #(
##..###........... #.
##.####.........#
#.............##
...#.......####


You could see an orc.

Vanquished Creatures
  2 adders (D:2)
  An ooze (D:3)
  A dart slug (D:1)
  A leopard gecko (D:1)
  An orc (D:3)
  6 bats
  3 giant cockroaches
  3 goblins
  5 hobgoblins
  4 jackals
  2 frilled lizards (D:1)
  3 kobolds (D:2)
  5 rats
37 creatures vanquished.

Notes
Turn   | Place    | Note
-------+----------+-------------------------------------------
     0 | D:1      | Froggeryz the Octopode Transmuter began the quest for the
                  | Orb.
     0 | D:1      | Reached XP level 1. HP: 13/13 MP: 3/3
     2 | D:1      | Noticed an electric eel
   167 | D:1      | Reached XP level 2. HP: 14/18 MP: 5/5
   801 | D:1      | Reached skill level 4 in Unarmed Combat
   994 | D:2      | Reached XP level 3. HP: 18/23 MP: 6/6
  1160 | D:2      | Noticed an ogre
  1285 | D:2      | Found a faded altar of an unknown god.
  1487 | D:3      | Reached XP level 4. HP: 27/28 MP: 7/7
  1499 | D:3      | Slain by an orc

Levels and vault maps discovered:
D:1:      arrival_aquarium_a, layout_loops_ring, chequers_jeans
D:2:      layout_loops_cross, chequers_ecumenical_altar_simple,
          grunt_ministairs_9, uniq_jessica
D:3:      layout_rooms, lemuel_coloured_pillars_altar,
          grunt_temple_overflow_open, cheibrodos_sewer_entry_bend

Skill      XL: |  1  2 |
---------------+-------+-----
Unarmed Combat | 4 |  4.9
Fighting       | |  1.0
Dodging        | |  2.0
Spellcasting   | |  2.0
Transmutations | |  2.0

Action                   |  1- 3 |  4- 6 || total
-------------------------+-------+-------++-------
Melee: Unarmed           |    82 |     9 ||    91
       Constrict         |    25 |     2 ||    27
       Tentacles         |    12 |     4 ||    16
       Punch             |     5 |       ||     5
 Stab: Sleeping          |     7 |       ||     7
       Distracted        |     1 |       ||     1
  Eat: Chunk             |     2 |       ||     2
Armor: Skin              |    13 |       ||    13
Dodge: Dodged            |    73 |     6 ||    79

Table legend:
 A = Non-vault XP
 B = Vault XP
 C = Vault XP percentage of total XP
 D = Non-vault monster count
 E = Vault monster count
 F = Vault count percentage of total count
                 A         B        C        D         E       F
            +---------+---------+-------+---------+---------+-------
      Total |      79 |      15 |  16.0 |      35 |       2 |   5.4
            +---------+---------+-------+---------+---------+-------
        D:1 |      32 |       0 |   0.0 |      17 |       0 |   0.0
        D:2 |      33 |      15 |  31.2 |      13 |       2 |  13.3
        D:3 |      14 |       0 |   0.0 |       5 |       0 |   0.0
            +---------+---------+-------+---------+---------+-------
